 Dungeon Crawl Stone Soup version 0.32-a0-859-gb0a091d592 (webtiles) character file.

Game seed: 17821690759570247921

32731 shadizar the Thaumaturge (level 14, -1/97 HPs)
             Began as a Djinni Conjurer on Mar 27, 2024.
             Was a High Priest of Makhleb.
             Killed from afar by a rime drake (17 damage)
             ... with an icy flash freeze
             ... on level 4 of the Lair of Beasts.
             The game lasted 00:29:34 (16587 turns).

shadizar the Thaumaturge (Djinni Conjurer)         Turns: 16587, Time: 00:29:34

Health: -1/97      AC: 17    Str:  6    XL:     14   Next: 4%
Gold:   818        EV: 11    Int: 24    God:    Makhleb [*****.] SH: 18 Dex: 19

rFire   + + .        f - staff of death
rCold   x . .        y - +0 kite shield
rNeg    + + .        M - +2 acid dragon scales
rPois   ∞            q - +1 helmet of the Bouncing Scars {Dex+6}
rElec   +            H - +1 cloak
rCorr   +            P - +1 pair of gloves
SInv    .            (boots unavailable)
Will    ++...        z - amulet of reflection
Stlth   ++           x - ring "Buisyx" {rElec rPois rC- rN+ Will+}
HPRegen 0.36/turn    I - ring of protection from cold
MPRegen 0.00/turn

%: reflection, infuse magic (-2 HP)
@: flying, very slightly contaminated
A: sickness immunity, fire resistance 2, cold vulnerability 1, float, innate
caster, HP casting, extra vitality 1
a: Renounce Religion, Minor Destruction, Lesser Servant of Makhleb, Major
Destruction, Greater Servant of Makhleb


You were on level 4 of the Lair of Beasts.
You worshipped Makhleb.
Makhleb was extremely pleased with you.
You visited 3 branches of the dungeon, and saw 14 of its levels.
You also visited: Bailey.

You collected 818 gold pieces.

Inventory:

Hand Weapons
 r - the +9 long sword "Payruoz" {protect, Int+3 Dex+2}
   (You found it on level 2 of the Lair of Beasts)

   Int+3:     It affects your intelligence (+3).
   Dex+2:     It affects your dexterity (+2).
Armour
 c - a +3 scale mail
 e - a +3 leather armour
 p - a +2 scale mail of cold resistance
 q - the +1 helmet of the Bouncing Scars (worn) {Dex+6}
   (You found it on level 4 of the Dungeon)

   Dex+6:     It affects your dexterity (+6).
 y - a +0 kite shield (worn)
 F - a +1 tower shield of protection
 H - a +1 cloak (worn)
 M - +2 acid dragon scales (worn)
 P - a +1 pair of gloves (worn)
Magical Staves
 f - a staff of death (weapon)
 G - a staff of air
Jewellery
 x - the ring "Buisyx" (left hand) {rElec rPois rC- rN+ Will+}
   (You found it on level 3 of the Dungeon)

   [ring of positive energy]

   rC-:       It makes you vulnerable to cold.
   rElec:     It insulates you from electricity.
   rPois:     It protects you from poison.
   rN+:       It protects you from negative energy.
   Will+:     It increases your willpower.
 z - an amulet of reflection (around neck)
 I - a ring of protection from cold (right hand)
 L - a +6 ring of dexterity
 R - a +6 ring of intelligence
Wands
 a - a wand of digging (8)
 k - a wand of flame (19)
 l - a wand of paralysis (16)
 v - a wand of light (4)
 O - a wand of mindburst (7)
Scrolls
 i - 5 scrolls of teleportation
 n - 2 scrolls of poison
 s - a scroll of revelation
 u - 2 scrolls of enchant weapon
 B - a scroll of enchant armour
 K - a scroll of immolation
 N - 4 scrolls of fog
Potions
 b - 3 potions of berserk rage
 d - 7 potions of curing
 g - 2 potions of ambrosia
 h - 4 potions of resistance
 j - 6 potions of heal wounds
 m - a potion of might {unknown}
 o - 3 potions of brilliance
 t - a potion of mutation {unknown}
 w - a potion of magic {unknown}
 A - a potion of cancellation {unknown}
 C - a potion of invisibility {unknown}
 D - 6 potions of haste
 J - 2 potions of enlightenment


   Skills:
 + Level 7.6 Fighting
 + Level 7.6 Armour
 + Level 7.1 Dodging
 - Level 3.0 Stealth
 + Level 11.8 Shields
 * Level 12.6 Spellcasting
 * Level 12.6 Conjurations
 * Level 12.6 Hexes
   Level 0.0 Charms
 * Level 12.6 Summonings
 * Level 12.6 Necromancy
 * Level 12.6 Translocations
   Level 0.0 Transmutations
 * Level 12.6 Fire Magic
 * Level 12.6 Ice Magic
 * Level 12.6 Air Magic
 * Level 12.6 Earth Magic
 * Level 12.6 Alchemy


You knew the following spells:

 Your Spells              Type           Power      Damage    Failure   Level
a - Magic Dart            Conj           100%       1d8       1%          1
b - Searing Ray           Conj           100%       2d8       1%          2
c - Fulminant Prism       Conj/Alch      33%        3d15      1%          4
d - Iskenderun's Mystic   Conj/Tloc      66%        2d14      (+2d71%     4
e - Shock                 Conj/Air       100%       1d9       1%          1
f - Momentum Strike       Conj/Tloc      100%       3d10      1%          2
g - Vampiric Draining     Necr           85%        2d12      1%          3
h - Confusing Touch       Hex            66%        N/A       1%          3
i - Summon Blazeheart Go  Fire/Summ      66%        N/A       1%          4
j - Metabolic Englaciati  Hex/Ice        33%        N/A       4%          5
Your spell library was empty.

Dungeon Overview and Level Annotations

Branches:
Dungeon (9/15)             Temple (1/1) D:4            Lair (4/5) D:9
  Swamp (0/4) Lair:2       Spider (0/4) Lair:2       Bailey (visited)
  Slime: Lair:4-5       Orc: D:9-12

Altars:
Ashenzari
Cheibriados
Dithmenos
Elyvilon
Fedhas
Gozag
Hepliaklqana
Makhleb
Nemelex Xobeh
Okawaru
Qazlal
Ru
Trog
Uskayaw
Wu Jian
Xom
Yredelemnul
The Shining One

Shops:
D:4 **   D:5 ?   D:6 *

Annotations:
Lair:1 exclusion: oklob plant
Lair:4 exclusion: oklob plant


Innate Abilities, Weirdness & Mutations

You are immune to sickness and miasma.
You are immune to poison.
Your flesh is very heat resistant. (rF++)
You are vulnerable to cold. (rC-)
You float through the air rather than walking.
You learn spells naturally, not from books.
Your magical power is your life essence.
You have superior vitality. (+4 MHP)


Message History

You kill the bullfrog!
Makhleb accepts your kill. The death yak gores you!
* * * LOW HITPOINT WARNING * * *
Unknown command.
Unknown command.
Unknown command.
Unknown command.
Unknown command.
Unknown command.
Unknown command.
Unknown command.
Casting: Iskenderun's Mystic Blast (mildly dangerous; 1% risk of failure)
Confirm with . or Enter, or press ? or * to list all spells.
You erupt in a blast of force!
The mystic blast hits the death yak but does no damage.
The death yak is almost dead.
The mystic blast hits the death yak!
You kill the death yak!
Makhleb accepts your kill.
* * * LOW HITPOINT WARNING * * *
Unknown command.
Unknown command.
Unknown command.
Unknown command.
Unknown command.
Unknown command.
Unknown command.
Unknown command.
Casting: Iskenderun's Mystic Blast (mildly dangerous; 1% risk of failure)
Confirm with . or Enter, or press ? or * to list all spells.
You erupt in a blast of force!
The mystic blast hits the death yak!!
You kill the death yak!
Makhleb accepts your kill.
You can now summon a greater servant of Makhleb.
* * * LOW HITPOINT WARNING * * *
The ice encasing you melts away. The rime drake breathes ice at you.
The icy flash freeze hits you!
You feel a painful chill!
You die...

.......P...............
.......................
#P..................#
##....P#.####.##..###
##...P######.## #
#..k..P ###.##
#P....###....#
#....##.....###
#...@...........
#.††††##.##.#....
#......†#### .###..#
.......... .. .#
........... <.. .
............ ....
.......[.....
#.#.#.#.......


You could see a rime drake (catching breath).

Vanquished Creatures
  Gastronok (Lair:3)
  4 hydras
  Erica (D:8)
  3 death yaks (Lair:4)
  A two-headed ogre (Bailey)
  Amaemon (D:9)
  A swamp dragon (Lair:2)
  A lindwurm (Lair:2)
  6 elephants (Lair:3)
  Joseph (D:8)
  A torpor snail (Lair:3)
  A black mamba (Lair:3)
  10 cane toads
  An orange demon (D:9)
  A rime drake (Lair:3)
  4 komodo dragons (Lair:4)
  Psyche (D:9)
  2 polar bears
  Prince Ribbit (D:5)
  5 dream sheep (Lair:4)
  10 blink frogs (Lair:2)
  5 spriggans (Bailey)
  3 culicivoras (Lair:2)
  Sigmund (D:2)
  14 yaks
  4 basilisks
  3 wyverns
  2 steam dragons
  A redback (Lair:2)
  Edmund (D:4)
  Duvessa (D:4)
  An acid dragon (D:8)
  Pargi (D:4)
  12 water moccasins
  An ice beast (D:8)
  5 black bears
  4 orc warriors
  10 ogres
  16 wolves
  8 centaurs
  2 kobold brigands
  A phantom (D:6)
  11 bullfrogs
  4 scorpions
  3 gnoll sergeants
  6 wights
  Dowan (D:4)
  4 killer bees (D:6)
  6 electric eels (D:5)
  3 bombardier beetles
  A howler monkey (D:3)
  4 jellies
  7 hounds
  A gnoll bouda (D:5)
  7 orc priests
  2 sleepcaps (D:7)
  5 iguanas
  12 orc wizards
  37 gnolls
  4 adders
  A shadow imp (D:5)
  2 white imps
  An ufetubus (D:5)
  3 ribbon worms
  5 dart slugs
  46 orcs
  7 bats
  5 endoplasms
  4 giant cockroaches
  17 goblins
  4 hobgoblins
  13 jackals
  9 kobolds
  2 quokkas
  10 ball pythons
  4 frilled lizards (D:1)
  3 rats
407 creatures vanquished.

Vanquished Creatures (collateral kills)
  A boulder beetle (Lair:1)
1 creature vanquished.

Vanquished Creatures (others)
  A kobold brigand (D:9)
  55 fulminant prisms
56 creatures vanquished.

Grand Total: 464 creatures vanquished

Notes
Turn   | Place    | Note
-------+----------+-------------------------------------------
     0 | D:1      | shadizar the Djinni Conjurer began the quest for the Orb.
     0 | D:1      | shadizar set off with the following spells memorised: Magic
                  | Dart, Searing Ray, Fulminant Prism, Iskenderun's Mystic
                  | Blast.
     0 | D:1      | Reached XP level 1. HP: 15/15 MP: 0/0
   134 | D:1      | Reached XP level 2. HP: 14/21 MP: 0/0
   407 | D:1      | Reached XP level 3. HP: 15/25 MP: 0/0
   407 | D:1      | Learned a level 1 spell: Shock
   766 | D:1      | Found a faded altar of an unknown god.
   998 | D:2      | Noticed Sigmund
  1010 | D:2      | Killed Sigmund
  1011 | D:2      | Reached skill level 5 in Spellcasting
  1011 | D:2      | Reached skill level 5 in Conjurations
  1011 | D:2      | Reached skill level 5 in Hexes
  1011 | D:2      | Reached skill level 5 in Summonings
  1011 | D:2      | Reached skill level 5 in Necromancy
  1011 | D:2      | Reached skill level 5 in Translocations
  1011 | D:2      | Reached skill level 5 in Fire Magic
  1011 | D:2      | Reached skill level 5 in Ice Magic
  1011 | D:2      | Reached skill level 5 in Air Magic
  1011 | D:2      | Reached skill level 5 in Earth Magic
  1011 | D:2      | Reached skill level 5 in Alchemy
  1011 | D:2      | Reached XP level 4. HP: 24/31 MP: 0/0
  1011 | D:2      | Reached XP level 5. HP: 27/35 MP: 0/0
  1011 | D:2      | Learned a level 2 spell: Momentum Strike
  1116 | D:2      | Reached XP level 6. HP: 37/40 MP: 0/0
  1262 | D:2      | Found a glowing golden altar of the Shining One.
  2099 | D:3      | You are sucked into a shaft and drop 1 floor!
  2130 | D:4      | Noticed Edmund
  2161 | D:4      | Killed Edmund
  2162 | D:4      | Reached XP level 7. HP: 11/45 MP: 0/0
  2162 | D:4      | Learned a level 3 spell: Vampiric Draining
  2321 | D:4      | Identified the +1 helmet of the Bouncing Scars {Dex+6}
  2361 | D:4      | Noticed Pargi
  2371 | D:4      | Killed Pargi
  2450 | D:4      | Found Wiuzoa's Assorted Antiques.
  2642 | D:4      | Reached XP level 8. HP: 24/50 MP: 0/0
  2757 | D:4      | Identified the +0 leather armour of Hedging {rPois rF+}
  2806 | D:4      | Noticed Dowan
  2811 | D:4      | Noticed Duvessa
  2822 | D:4      | Killed Duvessa
  2822 | D:4      | Killed Dowan
  3414 | D:3      | Reached skill level 1 in Fighting
  3414 | D:3      | Reached skill level 1 in Armour
  3750 | D:3      | Reached XP level 9. HP: 36/58 MP: 0/0
  3750 | D:3      | Learned a level 3 spell: Confusing Touch
  3956 | D:3      | Identified the ring "Buisyx" {rElec rPois rC- rN+ Will+}
  4600 | D:4      | Found a staircase to the Ecumenical Temple.
  4609 | Temple   | Entered the Ecumenical Temple
  4690 | D:4      | Found Vifoj's Gadget Gallery.
  5251 | D:5      | Entered Level 5 of the Dungeon
  5414 | D:5      | Reached skill level 1 in Shields
  5575 | D:5      | Found a sacrificial altar of Ru.
  5775 | D:5      | Found Jeinkem's Magic Scroll Emporium.
  5925 | D:5      | Noticed Prince Ribbit
  5935 | D:5      | Killed Prince Ribbit
  6268 | D:5      | Reached skill level 5 in Dodging
  6637 | D:5      | Reached XP level 10. HP: 48/67 MP: 0/0
  7542 | D:6      | Reached skill level 5 in Fighting
  7545 | D:6      | Found a burning altar of Makhleb.
  7547 | D:6      | Found a hide-covered altar of Uskayaw.
  7547 | D:6      | Found an opulent altar of Gozag.
  7554 | D:6      | Became a worshipper of Makhleb the Destroyer
  7648 | D:6      | Found Batzou's Bounteous Boutique.
  9004 | D:7      | Found a glowing golden altar of the Shining One.
  9280 | D:8      | Reached * piety under Makhleb
  9477 | D:8      | Reached skill level 5 in Shields
  9685 | D:8      | Found a stormy altar of Qazlal.
  9733 | D:8      | Noticed Joseph
  9749 | D:8      | Killed Joseph
 10019 | D:8      | Noticed Erica
 10028 | D:8      | Killed Erica
 10029 | D:8      | Reached XP level 11. HP: 59/76 MP: 0/0
 10029 | D:8      | Learned a level 4 spell: Summon Blazeheart Golem
 10118 | D:8      | Found a snail-covered altar of Cheibriados.
 10118 | D:8      | Found a basalt altar of Yredelemnul.
 10338 | D:9      | Found a flagged portal.
 10348 | Bailey   | Entered a bailey
 10650 | Bailey   | Noticed a two-headed ogre
 10657 | Bailey   | Killed a two-headed ogre
 10883 | D:9      | Noticed Psyche
 10892 | D:9      | Killed Psyche
 11018 | D:9      | Reached ** piety under Makhleb
 11221 | D:9      | Reached skill level 10 in Shields
 11243 | D:9      | Noticed Amaemon
 11274 | D:9      | Killed Amaemon
 11675 | D:9      | Found a staircase to the Lair.
 12254 | Lair:1   | Entered Level 1 of the Lair of Beasts
 12303 | Lair:1   | Reached XP level 12. HP: 78/84 MP: 0/0
 12481 | Lair:1   | Noticed a boulder beetle
 12549 | Lair:1   | Reached skill level 5 in Armour
 12586 | Lair:1   | Found a blossoming altar of Fedhas.
 12922 | Lair:2   | Reached *** piety under Makhleb
 13350 | Lair:2   | Identified the +9 long sword "Payruoz" {protect, Int+3
                  | Dex+2}
 13524 | Lair:2   | Reached skill level 10 in Spellcasting
 13524 | Lair:2   | Reached skill level 10 in Conjurations
 13524 | Lair:2   | Reached skill level 10 in Hexes
 13524 | Lair:2   | Reached skill level 10 in Summonings
 13524 | Lair:2   | Reached skill level 10 in Necromancy
 13524 | Lair:2   | Reached skill level 10 in Translocations
 13524 | Lair:2   | Reached skill level 10 in Fire Magic
 13524 | Lair:2   | Reached skill level 10 in Ice Magic
 13524 | Lair:2   | Reached skill level 10 in Air Magic
 13524 | Lair:2   | Reached skill level 10 in Earth Magic
 13524 | Lair:2   | Reached skill level 10 in Alchemy
 13610 | Lair:2   | You are sucked into a shaft and drop 1 floor!
 13615 | Lair:3   | Noticed an eight-headed hydra
 13627 | Lair:3   | Killed an eight-headed hydra
 13715 | Lair:2   | Noticed a swamp dragon
 13916 | Lair:1   | Killed a boulder beetle
 14329 | Lair:2   | Found a staircase to the Swamp.
 14592 | Lair:2   | Reached XP level 13. HP: 69/90 MP: 0/0
 14592 | Lair:2   | Learned a level 5 spell: Metabolic Englaciation
 14773 | Lair:2   | Found a hole to the Spider Nest.
 15030 | Lair:3   | Reached **** piety under Makhleb
 15281 | Lair:3   | Noticed Gastronok
 15314 | Lair:3   | Killed Gastronok
 15848 | Lair:3   | Noticed an eight-headed hydra
 15859 | Lair:3   | Killed an eight-headed hydra
 16568 | Lair:4   | Noticed a four-headed hydra
 16569 | Lair:4   | Noticed a six-headed hydra
 16577 | Lair:4   | Killed a four-headed hydra
 16577 | Lair:4   | Killed a six-headed hydra
 16585 | Lair:4   | Reached XP level 14. HP: 42/96 MP: 0/0
 16587 | Lair:4   | Reached ***** piety under Makhleb
 16587 | Lair:4   | Killed from afar by a rime drake

Illustrated notes

Levels and vault maps discovered:
D:1:      lightli_arrival_noodles, layout_basic, ebering_ecumenical_altar_mist
D:2:      layout_basic, basic_altar, bh_walls_and_bars, uniq_sigmund
D:3:      lemuel_castle_with_subvaults [lemuel_castle_interior_original],
          layout_basic, hangedman_feature_mirror, grunt_ministairs_8,
          minmay_misc_feat_encased, solitary_fountain,
          minmay_misc_feat_secret_circle, minmay_ogre_servants
D:4:      layout_basic, minmay_temple_entry_sparse_star, serial_shops, shop,
          nicolae_shop_gadgets, uniq_pargi, uniq_edmund, uniq_duvessa
D:5:      cheibrodos_two_vegetables, layout_basic,
          nicolae_ru_the_path_less_chosen, serial_shops, shop,
          uniq_prince_ribbit1
D:6:      layout_rooms, grunt_temple_overflow_open, nicolae_alphabet_shops
D:7:      layout_gridville, tso_oasis_becter, chequers_serial_rivers_small_b,
          minivault_5
D:8:      layout_basic, mainiacjoe_overflow_24_doors,
          gammafunk_temple_overflow_pools, serial_glass, glass_columns_a,
          glass_columns_a, glass_columns_a, glass_columns_a, glass_columns_b,
          glass_columns_a, glass_columns_a, glass_columns_a, glass_columns_a,
          glass_columns_a, glass_columns_b, glass_columns_c, glass_columns_b,
          glass_columns_b, due_unseen_surprise, unseen_surprise_small,
          minmay_strange_pillars, item_on_display_b, uniq_erica, uniq_joseph
D:9:      layout_basic, due_lair_maze_entry_diamond, enter_bailey_8,
          uniq_psyche, uniq_amaemon
Temple:   dshaligram_water_room_temple
Lair:1:   layout_long_grid, tgw_fedhas
Lair:2:   layout_misc_corridors, minmay_swamp_entry_reptiles,
          spider_nest_entry_funnel_web, st_stairs_7
Lair:3:   layout_gridlike, st_stairs_4, uniq_gastronok
Lair:4:   layout_regular_city, minmay_slime_entry_oklob_enclosed, st_stairs_4

Skill      XL: |  1  2  3  4  5  6  7  8  9 10 11 12 13 |
---------------+----------------------------------------+-----
Spellcasting   | 4 5 6 7 8 9 10 12 | 12.6
Conjurations   | 4 5 6 7 8 9 10 12 | 12.6
Hexes          | 4 5 6 7 8 9 10 12 | 12.6
Summonings     | 4 5 6 7 8 9 10 12 | 12.6
Necromancy     | 4 5 6 7 8 9 10 12 | 12.6
Translocations | 4 5 6 7 8 9 10 12 | 12.6
Fire Magic     | 4 5 6 7 8 9 10 12 | 12.6
Ice Magic      | 4 5 6 7 8 9 10 12 | 12.6
Air Magic      | 4 5 6 7 8 9 10 12 | 12.6
Earth Magic    | 4 5 6 7 8 9 10 12 | 12.6
Alchemy        | 4 5 6 7 8 9 10 12 | 12.6
Fighting       | 1 4 6 7 |  7.6
Armour         | 1 4 7 |  7.6
Stealth        | 2 3 |  3.0
Dodging        | 3 5 6 7 |  7.1
Shields        | 2 7 10 11 | 11.8

Action                     |  1- 3 |  4- 6 |  7- 9 | 10-12 | 13-15 || total
---------------------------+-------+-------+-------+-------+-------++-------
  Melee: Staff             |       |       |     2 |     6 |     2 ||    10
   Cast: Magic Dart        |    56 |    61 |   270 |   231 |    47 ||   665
         Searing Ray       |     1 |       |       |     1 |     1 ||     3
         Iskenderun's Myst |       |     6 |    51 |   203 |    88 ||   348
         Fulminant Prism   |       |     2 |    13 |    23 |    17 ||    55
         Summon Blazeheart |       |       |       |     1 |       ||     1
         Metabolic Englaci |       |       |       |       |     1 ||     1
    Use: Scroll            |       |       |       |    22 |     1 ||    23
         Potion            |       |       |       |     1 |       ||     1
 Armour: Robe              |     3 |     2 |     6 |       |       ||    11
         Leather armour    |       |       |    37 |       |       ||    37
         Steam dragon scal |       |       |       |    24 |       ||    24
         Acid dragon scale |       |       |       |    20 |    23 ||    43
  Dodge: Dodged            |     2 |     4 |    33 |    29 |    11 ||    79
  Block: Kite shield       |       |       |       |   106 |    29 ||   135
         Reflection        |       |       |       |    15 |       ||    15

Table legend: (Time is in decaauts)
 A = Elapsed time spent in this place.
 B = Non-inter-level travel time spent in this place.
 C = Inter-level travel time spent in this place.
 D = Time resting spent in this place.
 E = Time spent auto-exploring this place.
 F = Levels seen in this place.
 G = Mean time per level.
                   A        B        C        D        E       F      G
               +--------+--------+--------+--------+--------+-----+--------+
         Total |  16602 |  16117 |    485 |      0 |  13117 |  15 | 1106.8 |
       Dungeon |  11670 |  11267 |    403 |      0 |   9288 |   9 | 1296.7 |
        Temple |     65 |     65 |      0 |      0 |      0 |   1 |   65.0 |
          Lair |   4344 |   4263 |     81 |      0 |   3424 |   4 | 1086.0 |
        Bailey |    520 |    520 |      0 |      0 |    405 |   1 |  520.0 |
               +--------+--------+--------+--------+--------+-----+--------+

Top non-repeatable levels by time:
     D:5: 1969 daAuts
     D:3: 1913 daAuts
  Lair:1: 1490 daAuts
     D:9: 1453 daAuts
  Lair:3: 1348 daAuts
     D:7: 1342 daAuts
     D:4: 1273 daAuts
  Lair:2: 1228 daAuts
     D:2: 1141 daAuts
     D:8: 1063 daAuts
     D:1: 876 daAuts
     D:6: 636 daAuts
  Bailey: 520 daAuts
  Lair:4: 277 daAuts
  Temple: 65 daAuts
